 Dungeon Crawl Stone Soup version 0.31-a0-675-g238779eb0a (webtiles) character file.

Game seed: 1118018781816899067

55 pokeman the Magician (level 3, 0/20 HPs)
             Began as a Deep Elf Hedge Wizard on Sept 5, 2023.
             Slain by an orc
             ... wielding a +0 hand axe
              (6 damage)
             ... on level 2 of the Dungeon.
             The game lasted 00:04:16 (2397 turns).

pokeman the Magician (Deep Elf Hedge Wizard)        Turns: 2397, Time: 00:04:16

Health: 0/20       AC:  2    Str:  7    XL:     3   Next: 67%
Magic:  6/11       EV: 12    Int: 20    God:
Gold:   97         SH:  0    Dex: 14    Spells: 3/12 levels left

rFire   . . .        f - +3 whip
rCold   . . .        (no shield)
rNeg    . . .        b - +0 robe
rPois   .            c - +0 hat
rElec   .            (no cloak)
rCorr   .            (no gloves)
SInv    .            (no boots)
Will    .....        (no amulet)
Stlth   ++           (no ring)
HPRegen 0.23/turn    (no ring)
MPRegen 0.12/turn

%: no passive effects
@: very slightly contaminated
A: no striking features
a: no special abilities


You were on level 2 of the Dungeon.
You visited 1 branch of the dungeon, and saw 3 of its levels.

You collected 97 gold pieces.

Inventory:

Hand Weapons
 f - a +3 whip (weapon)
Armour
 b - a +0 robe (worn)
 c - a +0 hat (worn)
Scrolls
 a - 2 scrolls of amnesia {unknown}
 h - a scroll of identify {unknown}
 j - a scroll of revelation {unknown}
 k - a scroll of immolation {unknown}
Potions
 d - a potion of magic
 e - a potion of curing {unknown}
 g - a potion of might {unknown}
 i - a potion of degeneration {unknown}


   Skills:
 - Level 1.0 Fighting
 - Level 1.0 Armour
 + Level 2.5 Dodging
 + Level 2.5 Stealth
 * Level 5.3 Spellcasting
 + Level 1.9 Conjurations
 - Level 1.1 Summonings
 - Level 1.1 Translocations


You had 3 spell levels left.
You knew the following spells:

 Your Spells              Type           Power      Damage    Failure   Level
a - Magic Dart            Conj           52%        1d5       4%          1
b - Mephitic Cloud        Conj/Pois/Air  7%         N/A       26%         3
c - Call Imp              Summ           18%        N/A       11%         2
d - Blink                 Tloc           18%        N/A       11%         2
e - Foxfire               Conj/Fire      36%        2x1d5     8%          1

Your spell library contained the following spells:

 Spells                   Type           Power      Damage    Failure   Level
 Slow                     Hex            20%        N/A       12%         1
 Cigotuvi's Dreadful Rot  Necr/Pois/Air  10%        N/A       17%         2
 Plasma Beam              Fire/Air       2%         2x1d12    100%        6
 Starburst                Conj/Fire      4%         6d4       100%        6


Dungeon Overview and Level Annotations

Branches:
Dungeon (3/15)

Altars:


Message History

a +0 short sword; 5 stones
There is a stone staircase leading down here.
Done exploring.
Done exploring.
There is a stone staircase leading down here.
You climb downwards.
The orc shouts! x2; The orc priest shouts!
The orc shouts!
The ball python hisses angrily.
Found 17 gold pieces.
There is a stone staircase leading up here.
Casting: Foxfire (safe; 8% risk of failure)
Confirm with . or Enter, or press ? or * to list all spells.
Aiming: Mephitic Cloud (extremely dangerous; 26% risk of failure)
Press: ? - help, Shift-Dir - straight line You miscast Mephitic Cloud.
You are very lightly contaminated with residual magic.
Nothing appears to happen.
The orc shouts!
Unknown command.
The orc closely misses you. The orc barely misses you.
The orc hits you with a +0 short sword.
You climb upwards.
There is a stone staircase leading down here.
Unknown command.
Unknown command.
Casting: Mephitic Cloud (extremely dangerous; 26% risk of failure)
Confirm with . or Enter, or press ? or * to list all spells.
You conjure some foxfire!
The orc hits you with a +0 short sword. The orc hits you with a +0 hand axe!
The orc hits you with a +0 flail.
* * * LOW HITPOINT WARNING * * *
Casting: Foxfire (safe; 8% risk of failure)
Confirm with . or Enter, or press ? or * to list all spells.
You miscast Foxfire.
Nothing appears to happen.
The foxfire hits the orc.
The orc is lightly wounded.
The foxfire hits the orc but does no damage.
The orc is lightly wounded.
The orc hits you with a +0 flail.
* * * LOW HITPOINT WARNING * * *
The orc hits you with a +0 hand axe.
You die...

#..#.....###...............รท.#
#..#.#....##......###.####.###
#....##...............# #....
##.#####..##.####..##### #####
#..................#
############<.#..### #########
#........# #.......# #...o....#
#.......# #....@o..# #.......#
#...o....###### #.......#
#........#....# #.......#
#........#.##.# ##.......#
#####.####.##.#
.........#######.####.##.#
..............(..(....##.#
...#####.#...............# .).#
#.#.#####.##...#######


You could see 3 orcs.

Vanquished Creatures
  A worm (D:2)
  4 bats
  4 endoplasms
  A giant cockroach (D:1)
  7 goblins
  4 hobgoblins
  9 kobolds
  3 quokkas (D:1)
  5 ball pythons
  A frilled lizard (D:1)
  7 rats
46 creatures vanquished.

Vanquished Creatures (others)
  61 foxfires
61 creatures vanquished.

Grand Total: 107 creatures vanquished

Notes
Turn   | Place    | Note
-------+----------+-------------------------------------------
     0 | D:1      | pokeman the Deep Elf Hedge Wizard began the quest for the
                  | Orb.
     0 | D:1      | Reached XP level 1. HP: 10/10 MP: 7/7
   365 | D:1      | Reached XP level 2. HP: 16/16 MP: 4/9
   717 | D:1      | Reached skill level 5 in Spellcasting
   833 | D:1      | Reached XP level 3. HP: 20/20 MP: 0/11
   851 | D:1      | Learned a level 3 spell: Mephitic Cloud
   854 | D:1      | Learned a level 2 spell: Call Imp
   857 | D:1      | Learned a level 2 spell: Blink
   935 | D:1      | Learned a level 1 spell: Foxfire
  1489 | D:2      | Reached skill level 1 in Fighting
  1646 | D:2      | Reached skill level 1 in Armour
  2397 | D:2      | Slain by an orc

Illustrated notes

Levels and vault maps discovered:
D:1:      dpeg_cavernosity, layout_loops_cross, nrook_loot_triangle
D:2:      layout_basic
D:3:      layout_loops_cross, nicolae_overflow_hidden_temple,
          hellmonk_ecumenical_altar_arch_garden, roderic_batcave,
          hangedman_decor_points, kennysheep_cluttered_room, uniq_sigmund,
          uniq_natasha

Skill      XL: |  1  2  3 |
---------------+----------+-----
Spellcasting   | 5 |  5.3
Fighting       | 1 |  1.0
Armour         | 1 |  1.0
Dodging        | |  2.5
Stealth        | |  2.5
Conjurations   | |  1.9
Summonings     | |  1.1
Translocations | |  1.1

Action                     || total
---------------------------++-------
  Melee: Dagger            ||    35
         Punch             ||     1
         Whip              ||     5
   Cast: Magic Dart        ||    56
         Foxfire           ||    33
   Stab: Sleeping          ||     1
 Armour: Robe              ||    33
  Dodge: Dodged            ||    38

Table legend: (Time is in decaauts)
 A = Elapsed time spent in this place.
 B = Non-inter-level travel time spent in this place.
 C = Inter-level travel time spent in this place.
 D = Time resting spent in this place.
 E = Time spent auto-exploring this place.
 F = Levels seen in this place.
 G = Mean time per level.
                   A        B        C        D        E       F      G
               +--------+--------+--------+--------+--------+-----+--------+
         Total |   2397 |   2246 |    151 |      0 |   1985 |   3 |  799.0 |
       Dungeon |   2397 |   2246 |    151 |      0 |   1985 |   3 |  799.0 |
               +--------+--------+--------+--------+--------+-----+--------+

Top non-repeatable levels by time:
     D:1: 1352 daAuts
     D:2: 1042 daAuts
     D:3: 2 daAuts
